TOP OF THE 1ST |
Buckhead Bowties batting - Pitching for D.C. Divided : RHP Pablo Valentín
|
Pitching: RHP Pablo Valentín
|
|
Batting: LHB Cheong-hun Park
|
0-0: Ball 1-0: Swinging Strike 1-1: Ball 2-1: Ball 3-1: Swinging Strike 3-2: Base on Balls
|
Batting: SHB Israel Cruz
|
0-0: Ball 1-0: Called Strike 1-1: Foul Ball, location: 2F 1-2: Foul Ball, location: 2F 1-2: Foul Ball, location: 2F 1-2: Ball 2-2: Ball Pickoff Play to 1st, Runner tries for 2nd, OUT after rundown. 3-2: SINGLE (Flyball, 78S, EV 91.9 MPH)
|
Batting: LHB José Eiriz
|
0-0: Ball Wild Pitch! Israel Cruz to second 1-0: Fly out, F7 (Flyball, 78M, EV 91.9 MPH)
|
Batting: RHB Ieremia Mohala
|
0-0: Ball 1-0: Ball 2-0: Called Strike 2-1: Foul Ball, location: 2F 2-2: Strikes out swinging
|
Top of the 1st over - 0 runs, 1 hit, 0 errors, 1 left on base; Buckhead 0 - D.C. 0 |
BOTTOM OF THE 1ST |
D.C. Divided batting - Pitching for Buckhead Bowties : RHP Matt Howe
|
Pitching: RHP Matt Howe
|
|
Batting: RHB Banu Judham
|
0-0: Called Strike 0-1: Foul Ball, location: 2F 0-2: Strikes out looking
|
Batting: SHB Osvaldo Ardiles
|
0-0: Ball 1-0: Ground out U3 (Groundball, 3, EV 109.4 MPH)
|
Batting: SHB Jae-woo Ohm
|
0-0: Swinging Strike 0-1: Swinging Strike 0-2: Strikes out swinging
|
Bottom of the 1st over - 0 runs, 0 hits, 0 errors, 0 left on base; Buckhead 0 - D.C. 0 |
TOP OF THE 2ND |
Buckhead Bowties batting - Pitching for D.C. Divided : RHP Pablo Valentín
|
Batting: SHB Glen Ackland
|
0-0: Foul Ball, location: 2F 0-1: Ball 1-1: Swinging Strike 1-2: Ball 2-2: Foul Ball, location: 2F 2-2: Strikes out swinging
|
Batting: LHB Tony Fulton
|
0-0: Called Strike 0-1: Hit by Pitch
|
Batting: RHB Greg Myers
|
0-0: Called Strike 0-1: Foul Ball, location: 2F 0-2: Strikes out swinging
|
Batting: RHB Ramón Rodríguez
|
0-0: Ball 1-0: SINGLE (Flyball, 6MD, EV 86.9 MPH) Tony Fulton to second Runner from 2nd tries for 3rd, SAFE, throw by CF made to third
|
Batting: RHB Ramón Rodríguez
|
0-0: Ball 1-0: SINGLE (Groundball, 6D, EV 103.8 MPH) Tony Fulton scores Ramón Rodríguez to second
|
Batting: LHB Cheong-hun Park
|
0-0: Ball 1-0: Fielders Choice at 2nd, 5-4 (Groundball, 5, EV 80.0 MPH)
|
Top of the 2nd over - 1 run, 2 hits, 0 errors, 2 left on base; Buckhead 1 - D.C. 0 |
BOTTOM OF THE 2ND |
D.C. Divided batting - Pitching for Buckhead Bowties : RHP Matt Howe
|
Batting: RHB Amor Campos
|
0-0: Ball 1-0: Foul Ball, location: 2F 1-1: Fly out, F5 (Popup, 56S, EV 79.4 MPH)
|
Batting: RHB Marvello Millon
|
0-0: Called Strike 0-1: Ball 1-1: Swinging Strike 1-2: Ball 2-2: Foul Ball, location: 2F 2-2: Foul Ball, location: 2F 2-2: Ground out 5-3 (Groundball, 56, EV 91.9 MPH)
|
Batting: RHB Benigno Bachelay
|
0-0: Ground out U3 (Groundball, 34, EV 85.6 MPH)
|
Bottom of the 2nd over - 0 runs, 0 hits, 0 errors, 0 left on base; Buckhead 1 - D.C. 0 |
TOP OF THE 3RD |
Buckhead Bowties batting - Pitching for D.C. Divided : RHP Pablo Valentín
|
Batting: SHB Israel Cruz
|
0-0: Foul Ball, location: 2F 0-1: Called Strike 0-2: Foul Ball, location: 2F 0-2: Foul Ball, location: 2F 0-2: Ground out 4-3 (Groundball, 4, EV 83.1 MPH)
|
Batting: LHB José Eiriz
|
0-0: Called Strike 0-1: Ball 1-1: Ground out 4-3 (Groundball, 34D, EV 86.2 MPH)
|
Batting: RHB Ieremia Mohala
|
0-0: Swinging Strike 0-1: Ball 1-1: Ball 2-1: Called Strike 2-2: DOUBLE (Flyball, 8LXD, EV 104.4 MPH)
|
Batting: SHB Glen Ackland
|
0-0: Called Strike 0-1: Called Strike 0-2: Ball 1-2: Ball 2-2: Fly out, F8 (Flyball, 8RM, EV 91.9 MPH)
|
Top of the 3rd over - 0 runs, 1 hit, 0 errors, 1 left on base; Buckhead 1 - D.C. 0 |
BOTTOM OF THE 3RD |
D.C. Divided batting - Pitching for Buckhead Bowties : RHP Matt Howe
|
Batting: RHB William Berg
|
0-0: Called Strike 0-1: Foul Ball, location: 2F 0-2: Ball 1-2: Ball 2-2: Foul Ball, location: 2F 2-2: SINGLE (Line Drive, 7LS, EV 108.1 MPH)
|
Batting: RHB Cédric Dumas
|
0-0: Called Strike 0-1: Ball 1-1: Foul Ball, location: 2F 1-2: Strikes out swinging
|
Batting: RHB Eloi Hanai
|
0-0: Ball 1-0: Foul Ball, location: 2F 1-1: Foul Ball, location: 2F 1-2: Grounds into double play, 6-4-3 (Groundball, 6, EV 88.1 MPH)
|
Bottom of the 3rd over - 0 runs, 1 hit, 0 errors, 0 left on base; Buckhead 1 - D.C. 0 |
TOP OF THE 4TH |
Buckhead Bowties batting - Pitching for D.C. Divided : RHP Pablo Valentín
|
Batting: LHB Tony Fulton
|
0-0: Ball 1-0: Foul Ball, location: 2F 1-1: Fly out, F8 (Flyball, 8LD, EV 90.6 MPH)
|
Batting: RHB Greg Myers
|
0-0: Ball 1-0: Ball 2-0: Foul Ball, location: 2F 2-1: Swinging Strike 2-2: Ground out 6-3 (Groundball, 6S, EV 66.2 MPH)
|
Batting: RHB Ramón Rodríguez
|
0-0: Called Strike 0-1: Ball 1-1: Ball 2-1: Ball 3-1: Foul Ball, location: 2F 3-2: Base on Balls
|
Batting: RHB Ramón Rodríguez
|
0-0: Ball 1-0: Ball 2-0: Fielders Choice at 2nd, 5-4 (Groundball, 56, EV 84.4 MPH)
|
Top of the 4th over - 0 runs, 0 hits, 0 errors, 1 left on base; Buckhead 1 - D.C. 0 |
BOTTOM OF THE 4TH |
D.C. Divided batting - Pitching for Buckhead Bowties : RHP Matt Howe
|
Batting: RHB Banu Judham
|
0-0: Called Strike 0-1: Ground out 6-3 (Groundball, 6, EV 81.2 MPH)
|
Batting: SHB Osvaldo Ardiles
|
0-0: Ball 1-0: SINGLE (Groundball, 6S, EV 70.0 MPH) (infield hit)
|
Batting: SHB Jae-woo Ohm
|
0-0: Grounds into double play, 4-6-3 (Groundball, 3, EV 99.4 MPH)
|
Bottom of the 4th over - 0 runs, 1 hit, 0 errors, 0 left on base; Buckhead 1 - D.C. 0 |
TOP OF THE 5TH |
Buckhead Bowties batting - Pitching for D.C. Divided : RHP Pablo Valentín
|
Pitching: RHP Ramón Aragón
|
|
Now in CF: Banu Judham
|
|
Now in RF: Miguel Angel Criado
|
|
Pinch Hitting: RHB Norberto Pedreiro
|
0-0: Ball 1-0: Ball 2-0: Ball 3-0: Called Strike 3-1: Ground out U3 (Groundball, 3S, EV 87.5 MPH)
|
Batting: SHB Israel Cruz
|
0-0: Ball 1-0: Called Strike 1-1: Called Strike 1-2: Strikes out swinging
|
Batting: LHB James Moya
|
0-0: Ground out U3 (Groundball, 3L, EV 89.4 MPH)
|
Top of the 5th over - 0 runs, 0 hits, 0 errors, 0 left on base; Buckhead 1 - D.C. 0 |
BOTTOM OF THE 5TH |
D.C. Divided batting - Pitching for Buckhead Bowties : RHP Matt Howe
|
Now at 2B: Norberto Pedreiro
|
|
Batting: RHB Amor Campos
|
0-0: Ball 1-0: Ball 2-0: Ball 3-0: Called Strike 3-1: Fly out, F8 (Flyball, 8RS, EV 87.5 MPH)
|
Batting: RHB Marvello Millon
|
0-0: Ball 1-0: Foul Ball, location: 2F 1-1: Foul Ball, location: 2F 1-2: Strikes out swinging
|
Batting: RHB Benigno Bachelay
|
0-0: Ground out 4-3 (Groundball, 4, EV 99.4 MPH)
|
Bottom of the 5th over - 0 runs, 0 hits, 0 errors, 0 left on base; Buckhead 1 - D.C. 0 |
TOP OF THE 6TH |
Buckhead Bowties batting - Pitching for D.C. Divided : RHP Ramón Aragón
|
Pitching: RHP William Turner
|
|
Now in LF: Mo Baring
|
|
Now in CF: Russell Corfield
|
|
Pinch Hitting: RHB Ed Butler
|
0-0: Ball 1-0: Foul Ball, location: 2F 1-1: Ball 2-1: Swinging Strike 2-2: Foul Ball, location: 2F 2-2: DOUBLE (Line Drive, 5D, EV 98.1 MPH)
|
Batting: SHB Glen Ackland
|
0-0: Ball 1-0: Called Strike 1-1: Ball 2-1: Ball 3-1: Foul Ball, location: 2F 3-2: Foul Ball, location: 2F 3-2: Foul Ball, location: 2F 3-2: 2-RUN HOME RUN (Flyball, 78XD, EV 105.6 MPH), Distance : 420 ft
|
Batting: LHB Tony Fulton
|
0-0: Ground out 1-3 (Groundball, P, EV 69.4 MPH)
|
Batting: RHB Greg Myers
|
0-0: Called Strike 0-1: Ball 1-1: Ball 2-1: Foul Ball, location: 2F 2-2: Ball 3-2: Foul Ball, location: 2F 3-2: SINGLE (Groundball, 6S, EV 70.0 MPH) (infield hit)
|
Batting: RHB Ramón Rodríguez
|
0-0: Ball 1-0: Ball 2-0: Ball 3-0: Called Strike 3-1: Swinging Strike 3-2: Base on Balls Greg Myers to second
|
Batting: RHB Ramón Rodríguez
|
0-0: Foul Ball, location: 2F 0-1: Foul Ball, location: 2F 0-2: Ball 1-2: Grounds into double play, 6-4-3 (Groundball, 6, EV 82.5 MPH)
|
Top of the 6th over - 2 runs, 3 hits, 0 errors, 1 left on base; Buckhead 3 - D.C. 0 |
BOTTOM OF THE 6TH |
D.C. Divided batting - Pitching for Buckhead Bowties : RHP Matt Howe
|
Now at 1B: Ed Butler
|
|
Batting: RHB William Berg
|
0-0: Ball 1-0: Ground out 4-3 (Groundball, 4, EV 104.4 MPH)
|
Batting: RHB Cédric Dumas
|
0-0: Swinging Strike 0-1: Foul Ball, location: 2F 0-2: Ball 1-2: Ball 2-2: Strikes out swinging
|
Batting: RHB Eloi Hanai
|
0-0: Ball 1-0: Called Strike 1-1: Swinging Strike 1-2: Ball 2-2: Ball 3-2: Ground out 6-3 (Groundball, 6S, EV 64.4 MPH)
|
Bottom of the 6th over - 0 runs, 0 hits, 0 errors, 0 left on base; Buckhead 3 - D.C. 0 |
TOP OF THE 7TH |
Buckhead Bowties batting - Pitching for D.C. Divided : RHP William Turner
|
Pitching: RHP Wes Gilmore
|
|
Batting: RHB Norberto Pedreiro
|
0-0: Ball 1-0: Foul Ball, location: 2F 1-1: Called Strike 1-2: Ball 2-2: Strikes out swinging
|
Batting: SHB Israel Cruz
|
0-0: Ground out U3 (Groundball, 3, EV 95.0 MPH)
|
Batting: LHB James Moya
|
0-0: Ball 1-0: Ball 2-0: Ball 3-0: Base on Balls
|
Batting: RHB Ed Butler
|
0-0: Ball 1-0: Called Strike 1-1: Ball 2-1: Foul Ball, location: 2F 2-2: Strikes out looking
|
Top of the 7th over - 0 runs, 0 hits, 0 errors, 1 left on base; Buckhead 3 - D.C. 0 |
BOTTOM OF THE 7TH |
D.C. Divided batting - Pitching for Buckhead Bowties : RHP Matt Howe
|
Batting: LHB Russell Corfield
|
0-0: Foul Ball, location: 2F 0-1: Ball 1-1: Foul Ball, location: 2F 1-2: Foul Ball, location: 2F 1-2: Ground out 5-3 (Groundball, 6MS, EV 83.1 MPH)
|
Batting: RHB Miguel Angel Criado
|
0-0: Called Strike 0-1: Ball 1-1: Ball 2-1: Called Strike 2-2: Strikes out swinging
|
Batting: RHB Karel van Capelle
|
0-0: Ground out 6-3 (Groundball, 6, EV 110.0 MPH)
|
Bottom of the 7th over - 0 runs, 0 hits, 0 errors, 0 left on base; Buckhead 3 - D.C. 0 |
TOP OF THE 8TH |
Buckhead Bowties batting - Pitching for D.C. Divided : RHP Wes Gilmore
|
Pitching: RHP Bob Flannery
|
|
Batting: SHB Glen Ackland
|
0-0: Ball 1-0: Foul Ball, location: 2F 1-1: Ground out 6-3 (Groundball, 6D, EV 80.6 MPH)
|
Batting: LHB Tony Fulton
|
0-0: Ball 1-0: Foul Ball, location: 2F 1-1: Ball 2-1: Ball 3-1: Base on Balls
|
Batting: RHB Greg Myers
|
0-0: Ball 1-0: Ball 2-0: Ball 3-0: Base on Balls Tony Fulton to second
|
Batting: RHB Ramón Rodríguez
|
0-0: Called Strike 0-1: Fly out, F4 (Popup, 34D, EV 56.2 MPH)
|
Batting: RHB Ramón Rodríguez
|
0-0: Foul Ball, location: 2F 0-1: Ball 1-1: Foul Ball, location: 2F 1-2: Foul Ball, location: 2F 1-2: Strikes out swinging
|
Top of the 8th over - 0 runs, 0 hits, 0 errors, 2 left on base; Buckhead 3 - D.C. 0 |
BOTTOM OF THE 8TH |
D.C. Divided batting - Pitching for Buckhead Bowties : RHP Matt Howe
|
Pitching: LHP Benton Johnston
|
|
Batting: LHB Mo Baring
|
0-0: Ball 1-0: Ground out 5-3 (Groundball, 56, EV 91.9 MPH)
|
Pinch Hitting: RHB Santiago García
|
0-0: Called Strike 0-1: Ball 1-1: Ball 2-1: Foul Ball, location: 2F 2-2: Foul Ball, location: 2F 2-2: Foul Ball, location: 2F 2-2: Strikes out looking
|
Batting: RHB Benigno Bachelay
|
0-0: Ball 1-0: SINGLE (Line Drive, 34, EV 105.6 MPH)
|
Batting: RHB William Berg
|
0-0: Called Strike 0-1: Called Strike 0-2: Ball 1-2: Ball 2-2: Foul Ball, location: 2F 2-2: Foul Ball, location: 2F 2-2: Ball 3-2: SINGLE (Line Drive, 3L, EV 93.8 MPH) Benigno Bachelay to second Benigno Bachelay to third
|
Batting: RHB Cédric Dumas
|
0-0: Ball 1-0: Ball 2-0: Ball 3-0: Called Strike 3-1: Swinging Strike 3-2: Strikes out swinging
|
Bottom of the 8th over - 0 runs, 2 hits, 0 errors, 2 left on base; Buckhead 3 - D.C. 0 |
TOP OF THE 9TH |
Buckhead Bowties batting - Pitching for D.C. Divided : RHP Bob Flannery
|
Pitching: RHP Juichi Kanno
|
|
Now at 1B: Santiago García
|
|
Batting: RHB Norberto Pedreiro
|
0-0: Called Strike 0-1: Foul Ball, location: 2F 0-2: Ball 1-2: Fly out, F7 (Flyball, 7LM, EV 85.6 MPH)
|
Batting: SHB Israel Cruz
|
0-0: Ball 1-0: Called Strike 1-1: SINGLE (Groundball, 34S, EV 69.4 MPH) (infield hit)
|
Batting: RHB Howard Moore
|
0-0: Ball 1-0: Ball 2-0: Called Strike 2-1: Foul Ball, location: 2F 2-2: Foul Ball, location: 2F 2-2: Fly out, F4 (Line Drive, 4, EV 70.6 MPH)
|
Batting: RHB Ed Butler
|
0-0: Swinging Strike 0-1: SINGLE (Groundball, 2L, EV 68.8 MPH) (infield hit) Israel Cruz to second
|
Batting: SHB Glen Ackland
|
0-0: Ball 1-0: Called Strike 1-1: Foul Ball, location: 2F 1-2: Ball 2-2: Foul Ball, location: 2F 2-2: Ball 3-2: Foul Ball, location: 2F 3-2: Foul Ball, location: 2F 3-2: Fly out, F8 (Flyball, 8LM, EV 86.2 MPH)
|
Top of the 9th over - 0 runs, 2 hits, 0 errors, 2 left on base; Buckhead 3 - D.C. 0 |
BOTTOM OF THE 9TH |
D.C. Divided batting - Pitching for Buckhead Bowties : LHP Benton Johnston
|
Pitching: RHP Ted Warner
|
|
Batting: RHB Eloi Hanai
|
0-0: SINGLE (Line Drive, 56, EV 95.6 MPH)
|
Batting: LHB Russell Corfield
|
0-0: Foul Ball, location: 2F 0-1: Ball 1-1: Ball 2-1: Foul Ball, location: 2F 2-2: Ball 3-2: Foul Ball, location: 2F 3-2: Strikes out swinging
|
Batting: RHB Miguel Angel Criado
|
0-0: Ball 1-0: Grounds into double play, 4-6-3 (Groundball, 4, EV 103.8 MPH)
|
Bottom of the 9th over - 0 runs, 1 hit, 0 errors, 0 left on base; Buckhead 3 - D.C. 0 |
|